 Dungeon Crawl Stone Soup version 0.31-a0-1074-g0b22e4e0f1 (webtiles) character file.

Game seed: 16708589448368110129

343 Curundu the Chopper (level 6, -3/53 HPs)
             Began as a Draconian Berserker on Dec 7, 2023.
             Was a Believer of Trog.
             Slain by pigah's ghost (9 damage)
             ... on level 5 of the Dungeon.
             The game lasted 00:25:09 (4465 turns).

Curundu the Chopper (Draconian Berserker)           Turns: 4465, Time: 00:25:12

Health: -3/53      AC:  9    Str: 23    XL:     6   Next: 31%
Magic:  6/6        EV: 13    Int:  7    God:    Trog [**....]
Gold:   238        SH:  0    Dex: 16    Spells: 5/5 levels left

rFire   . . .        a - +1 hand axe
rCold   . . .        (no shield)
rNeg    . . .        (body armour unavailable)
rPois   .            (helmet restricted)
rElec   .            (no cloak)
rCorr   .            e - +2 pair of gloves
SInv    .            (no boots)
Will    ++...        (no amulet)
Stlth   ++           k - ring of ice
HPRegen 1.28/turn    j - ring of the Harvest {Fire Str+3 Dex+4}
MPRegen 0.10/turn

%: no passive effects
@: strong-willed (expiring), regenerating (expiring)
A: AC +6, unfitting armour, cold-blooded
a: Renounce Religion, Berserk, Trog's Hand


You were on level 5 of the Dungeon.
You worshipped Trog.
Trog was pleased with you.
You visited 1 branch of the dungeon, and saw 5 of its levels.

You collected 238 gold pieces.

Inventory:

Hand Weapons
 a - a +1 hand axe (weapon)
Missiles
 c - 3 boomerangs
Armour
 e - a +2 pair of gloves (worn)
Jewellery
 i - a ring of positive energy
 j - the ring of the Harvest (right hand) {Fire Str+3 Dex+4}
   (You acquired it on level 3 of the Dungeon)

   [ring of fire]

   Fire:      It enhances your fire magic.
   Str+3:     It affects your strength (+3).
   Dex+4:     It affects your dexterity (+4).
   rF+:       It protects you from fire.
   rC-:       It makes you vulnerable to cold.
 k - a ring of ice (left hand)
Scrolls
 b - a scroll of revelation
 h - 4 scrolls of vulnerability
 m - a scroll of enchant armour
 r - a scroll of amnesia {unknown}
Potions
 d - 2 potions of curing {unknown}
 f - a potion of ambrosia {unknown}
 g - a potion of mutation {unknown}
 l - a potion of haste {unknown}
 n - a potion of heal wounds {unknown}
 o - a potion of berserk rage {unknown}
 p - a potion of lignification {unknown}
 q - a potion of enlightenment


   Skills:
 + Level 4.6 Fighting
 + Level 5.2 Axes
 + Level 4.0 Dodging
 + Level 1.4 Stealth


You had 5 spell levels left.
You didn't know any spells.
Your spell library contained the following spells:

 Spells                   Type           Power      Damage    Failure   Level
 Blink                    Tloc           0%         N/A       56%         2
 Lesser Beckoning         Tloc           0%         N/A       56%         2
 Momentum Strike          Conj/Tloc      0%         3d8       56%         2


Dungeon Overview and Level Annotations

Branches:
Dungeon (5/15)
 Temple: D:4-7

Altars:
Dithmenos

Annotations:
D:5 pigah's ghost, novice OpSh


Innate Abilities, Weirdness & Mutations

Your plain brown scales are hard. (AC +6)
You cannot fit into any form of body armour.
You are cold-blooded and may be slowed by cold attacks.


Message History

You closely miss pigah's ghost.
Pigah's ghost is heavily damaged.
You hit the worm. You miss the adder.
You feel sick. The worm barely misses you. The adder closely misses you.
Pigah's ghost hits you.
You hit pigah's ghost but do no damage.
Your tail-slap misses pigah's ghost.
Pigah's ghost is heavily damaged.
You completely miss the worm. You hit the adder.
You kill the adder!
Trog accepts your kill.
You feel sick.
Pigah's ghost hits you but does no damage.
The worm barely misses you.
Unknown command.
Activating: Trog's Hand (1% risk of failure)
Press: ? - help, Q - select action, (/) - cycle Dir - look around, f - activate Your skin crawls.
You feel strong-willed.
You feel sick.
Pigah's ghost flexes its fingers.
Pigah's ghost barely misses you.
You completely miss pigah's ghost.
Your tail-slap misses pigah's ghost.
Pigah's ghost is heavily damaged.
You hit the worm.
You feel sick. Pigah's ghost hits you.
* * * LOW HITPOINT WARNING * * *
The worm bites you.
* * * LOW HITPOINT WARNING * * *
You miss pigah's ghost.
Your tail-slap misses pigah's ghost.
Pigah's ghost is heavily damaged.
You hit the worm.
You feel the effects of Trog's Hand fading.
You feel sick. Pigah's ghost closely misses you.
You hit pigah's ghost but do no damage.
Pigah's ghost is heavily damaged.
You hit the worm.
You feel sick.
You are no longer poisoned.
The worm bites you.
* * * LOW HITPOINT WARNING * * *
Pigah's ghost hits you!
You die...

###..#.......#.....§....§.
#..#..((!..#...#.§§..§§§
#..#.##.##.#...##§§..§§.
#..#.##.##.#...###.§§§§#
#..#.##.##.#...# ##.§§##
##..#.......#...# #.§...
#...#.......#[.## #.####
#...###wW†###..## #.#
#.......@.......# #.#
#...............####.#
#....................#
######################


You could see a worm and pigah's ghost.

Vanquished Creatures
  A phantom (D:5)
  A bullfrog (D:3)
  An iguana (D:2)
  3 orc wizards
  2 adders
  A worm (D:2)
  A dart slug (D:5)
  7 orcs
  7 bats
  3 endoplasms
  2 giant cockroaches
  10 goblins
  12 hobgoblins
  2 jackals (D:3)
  2 quokkas
  7 ball pythons
  A frilled lizard (D:3)
  6 kobolds
  5 rats
74 creatures vanquished.

Notes
Turn   | Place    | Note
-------+----------+-------------------------------------------
     0 | D:1      | Curundu the Draconian Berserker began the quest for the
                  | Orb.
     0 | D:1      | Reached XP level 1. HP: 19/19 MP: 1/1
   366 | D:1      | Reached XP level 2. HP: 26/26 MP: 2/2
  1060 | D:2      | Reached XP level 3. HP: 28/31 MP: 3/3
  1420 | D:2      | Reached ** piety under Trog
  1439 | D:2      | Found a faded altar of an unknown god.
  1557 | D:2      | Reached skill level 4 in Axes
  1557 | D:2      | Reached XP level 4. HP: 9/40 MP: 4/4
  2034 | D:3      | Noticed a bullfrog
  2123 | D:3      | Killed a bullfrog
  2124 | D:3      | Reached XP level 5. HP: 33/46 MP: 5/5
  2124 | D:3      | Identified a scroll of acquirement
  2124 | D:3      | Acquired the ring of the Harvest {Fire Str+3 Dex+4}
  3876 | D:4      | You fall into a shaft and drop 1 floor!
  3876 | D:5      | Entered Level 5 of the Dungeon
  3902 | D:5      | Reached skill level 1 in Stealth
  4132 | D:5      | Noticed a phantom
  4184 | D:5      | Killed a phantom
  4185 | D:5      | Reached skill level 5 in Axes
  4185 | D:5      | Reached XP level 6. HP: 39/53 MP: 6/6
  4372 | D:5      | Found a runed translucent gate.
  4372 | D:5      | Found a runed translucent gate.
  4373 | D:5      | Found a runed translucent gate.
  4377 | D:5      | Noticed pigah's ghost (novice OpSh)
  4408 | D:5      | Found a shadowy altar of Dithmenos.
  4465 | D:5      | Slain by pigah's ghost

Illustrated notes

Levels and vault maps discovered:
D:1:      heliophobic_arrival_henge, layout_rooms, minmay_misc_feat_square
D:2:      layout_basic, ebering_ecumenical_altar_webs, minmay_rat_hole
D:3:      cheibrodos_greedy_goblins, layout_basic, hangedman_decor_points,
          serial_bayou_lagoon_b
D:4:      layout_loops_ring, nicolae_qazlal_style_of_elements, serial_shops,
          shop
D:5:      layout_rooms, nicolae_dithmenos_the_darkroom,
          minmay_temple_entry_drinking_statues, gammafunk_ghost_split,
          grunt_decor_arrowhead, nicolae_concentric_dashed_squares_wild,
          hangedman_decor_slide_cut

Skill      XL: |  1  2  3  4  5  6 |
---------------+-------------------+-----
Dodging        | 3 4 |  4.0
Axes           | 4 5 |  5.2
Fighting       | 4 |  4.6
Stealth        | 1 |  1.4

Action                     |  1- 3 |  4- 6 || total
---------------------------+-------+-------++-------
  Melee: Hand axe          |   122 |   148 ||   270
         Tailslap          |    10 |    10 ||    20
         Punch             |     1 |     1 ||     2
  Throw: Throwing net      |       |     2 ||     2
 Invoke: Trog's Hand       |     1 |     1 ||     2
    Use: Potion            |     1 |       ||     1
         Scroll            |     4 |     4 ||     8
 Armour: Skin              |   101 |   116 ||   217
  Dodge: Dodged            |   102 |   106 ||   208

Table legend: (Time is in decaauts)
 A = Elapsed time spent in this place.
 B = Non-inter-level travel time spent in this place.
 C = Inter-level travel time spent in this place.
 D = Time resting spent in this place.
 E = Time spent auto-exploring this place.
 F = Levels seen in this place.
 G = Mean time per level.
                   A        B        C        D        E       F      G
               +--------+--------+--------+--------+--------+-----+--------+
         Total |   4527 |   4527 |      0 |    744 |      0 |   5 |  905.4 |
       Dungeon |   4527 |   4527 |      0 |    744 |      0 |   5 |  905.4 |
               +--------+--------+--------+--------+--------+-----+--------+

Top non-repeatable levels by time:
     D:3: 1734 daAuts
     D:2: 1448 daAuts
     D:5: 592 daAuts
     D:1: 589 daAuts
     D:4: 163 daAuts
